 Dungeon Crawl Stone Soup version 0.29-a0-344-ge2f44be95a (webtiles) character file.

Game seed: 12064148287262295749

59 Morbidden the Shield-Bearer (level 3, -4/33 HPs)
             Began as a Minotaur Fighter on Apr 22, 2022.
             Slain by Grinder (7 damage)
             ... on level 3 of the Dungeon.
             The game lasted 00:01:45 (2218 turns).

Morbidden the Shield-Bearer (Minotaur Fighter)      Turns: 2218, Time: 00:01:46

Health: -4/33      AC:  8    Str: 20    XL:     3   Next: 78%
Magic:  0/2        EV:  8    Int:  7    God:
Gold:   117        SH:  9    Dex: 15    Spells: 3/3 levels left

rFire   . . .      SeeInvis .   a - +0 war axe
rCold   . . .      Faith    .   e - +0 kite shield
rNeg    . . .      Spirit   +   b - +0 scale mail
rPois   .          Reflect  .   (helmet restricted)
rElec   .          Harm     .   (no cloak)
rCorr   .          Rampage  .   s - +0 pair of gloves
Will    .....                   (no boots)
Stlth   ..........              o - amulet of guardian spirit
HPRegen 0.11/turn               h - +6 ring of dexterity
MPRegen 0.08/turn               (no ring)

@: no status effects
A: horns 2, retaliatory headbutt
a: no special abilities


You were on level 3 of the Dungeon.
You visited 1 branch of the dungeon, and saw 3 of its levels.

You collected 117 gold pieces.

Inventory:

Hand Weapons
 a - a +0 war axe (weapon)
Armour
 b - a +0 scale mail (worn)
 e - a +0 kite shield (worn)
 s - a +0 pair of gloves (worn)
Jewellery
 h - a +6 ring of dexterity (left hand)
 o - an amulet of guardian spirit (around neck)
Scrolls
 g - 4 scrolls of identify {unknown}
 i - a scroll of fog {unknown}
 j - a scroll of immolation {unknown}
 k - a scroll of amnesia {unknown}
 q - a scroll of noise {unknown}
 r - a scroll of fear {unknown}
 t - a scroll of magic mapping {unknown}
Potions
 d - a potion of might
 m - a potion of brilliance
 n - a potion of attraction {unknown}
 p - a potion of heal wounds {unknown}
 u - 3 potions of curing {unknown}


   Skills:
 * Level 3.9 Fighting
 * Level 3.0 Axes
 + Level 4.0 Armour
 * Level 1.1 Dodging
 + Level 4.3 Shields
 * Level 0.6 Spellcasting


You had 3 spell levels left.
You didn't know any spells.
Your spell library was empty.

Dungeon Overview and Level Annotations

Branches:
Dungeon (3/15)

Altars:
Okawaru

Annotations:
D:3 Grinder


Innate Abilities, Weirdness & Mutations

You have a pair of horns on your head.
You reflexively headbutt those who attack you in melee.


Message History

You barely resist.
You can move again.
Unknown command.
Unknown command.
Unknown command.
You slash Grinder! Your headbutt misses Grinder.
Grinder is heavily wounded.
Grinder hits you.
* * * LOW HITPOINT WARNING * * *
Unknown command.
Unknown command.
Grinder gestures at you. Pain shoots through your body!
* * * LOW HITPOINT WARNING * * *
It was a potion of brilliance.
You feel clever all of a sudden.
Grinder grins, showing sharp teeth.
Unknown command.
It was a potion of lignification.
You turn into a tree.
Your +0 pair of gloves melds into your body.
Your +0 scale mail melds into your body.
Your roots penetrate the ground.
You block Grinder's attack.
Unknown command.
It was a potion of haste.
You feel yourself speed up. Grinder gestures at you.
You suddenly lose the ability to move!
Grinder says, "You look like you could use a good racking."
Grinder hits you but does no damage.
You can move again.
Unknown command.
Unknown command.
It was a potion of cancellation.
Your magical effects are unravelling.
You feel magically purged.
You feel less wooden.
Your +0 pair of gloves unmelds from your body.
Your +0 scale mail unmelds from your body.
You feel yourself slow down.
You feel a little less clever now. Grinder hits you!
You die...

#..###.###.#
#.#.........
#........###
###.#....# #
#.##.#.# # #.##.#.#
# #.##.#.# #
#############.##...#
#
#....@5........###.#
# #.###########..#
#.# # #..# #.# #
######..###.### #.#
#....)......... #.#
#.####......... #.#
#.# ######.### #.#
#.# #.# #.# #.# #.#


You could see Grinder.

Vanquished Creatures
  A gnoll (D:1)
  2 worms (D:2)
  2 dart slugs
  4 bats
  An endoplasm (D:2)
  A giant cockroach (D:1)
  4 goblins
  2 hobgoblins
  2 jackals (D:3)
  2 quokkas
  8 ball pythons
  3 frilled lizards
  2 kobolds (D:1)
  4 rats
38 creatures vanquished.

Notes
Turn   | Place    | Note
-------+----------+-------------------------------------------
     0 | D:1      | Morbidden the Minotaur Fighter began the quest for the Orb.
     0 | D:1      | Reached XP level 1. HP: 19/19 MP: 0/0
   216 | D:1      | Reached XP level 2. HP: 27/27 MP: 1/1
   591 | D:1      | Reached XP level 3. HP: 28/33 MP: 2/2
  1040 | D:2      | Found an iron altar of Okawaru.
  1361 | D:2      | Reached skill level 1 in Dodging
  2188 | D:3      | Noticed Grinder
  2190 | D:3      | Paralysed by Grinder for 7 turns
  2207 | D:3      | Paralysed by Grinder for 4 turns
  2216 | D:3      | Paralysed by Grinder for 2 turns
  2218 | D:3      | Slain by Grinder

Illustrated notes

Levels and vault maps discovered:
D:1:      amcnicky_arrival_underground_garden, layout_basic
D:2:      layout_rooms, basic_altar, hangedman_glass_teeth,
          kennysheep_another_room, minivault_23, kennysheep_pointless_box
D:3:      layout_loops_ring, uniq_grinder

Skill      XL: |  1  2  3 |
---------------+----------+-----
Shields        | 4 |  4.3
Dodging        | 1 |  1.1
Armour         | 4 |  4.0
Axes           | 3 |  3.0
Fighting       | |  3.9
Spellcasting   | |  0.6

Action                   || total
-------------------------++-------
Melee: War axe           ||    98
       Headbutt          ||    12
  Use: Potion            ||     4
Armor: Scale mail        ||    39
       Skin              ||     1
Dodge: Dodged            ||    26
Block: Kite shield       ||    50

Table legend: (Time is in decaauts)
 A = Elapsed time spent in this place.
 B = Non-inter-level travel time spent in this place.
 C = Inter-level travel time spent in this place.
 D = Time resting spent in this place.
 E = Time spent auto-exploring this place.
 F = Levels seen in this place.
 G = Mean time per level.
                   A        B        C        D        E       F      G
               +--------+--------+--------+--------+--------+-----+--------+
         Total |   2267 |   2240 |     27 |      6 |   1875 |   3 |  755.7 |
       Dungeon |   2267 |   2240 |     27 |      6 |   1875 |   3 |  755.7 |
               +--------+--------+--------+--------+--------+-----+--------+

Top non-repeatable levels by time:
     D:1: 1028 daAuts
     D:2: 825 daAuts
     D:3: 413 daAuts
